Map: Ruins of Seras

Players

Albion - Winner!

  • Race: Protoss Protoss

hatibe

  • Race: Terran Terran
  • League: Master

VOD

Have the link to the VOD?

Description

Time

  • Played on: March 13, 2016, 7:18 a.m.
  • Length: 16:52
Show
View Real Time Build Order
Export as new Build Order

Albion Protoss - Winner!

Build Orders: 1 Gate Expand, Oracle Opening 

Get SALT Encoding   

  12  0:00  Probe (Chrono Boost)  
  13  0:11  Probe (Chrono Boost)  
  14  0:18  Pylon  
  14  0:22  Probe (Chrono Boost)  
  15  0:36  Probe (Chrono Boost)  
  15  0:37  Gateway  
  16  0:47  Probe (Chrono Boost)  
  16  0:48  Assimilator  
  17  0:57  Probe (Chrono Boost)  
  18  1:08  Probe (Chrono Boost)  
  19  1:22  Nexus  
  19  1:32  Cybernetics Core  
  19  1:34  Probe (Chrono Boost)  
  20  1:40  Assimilator  
  20  1:45  Probe (Chrono Boost)  
  21  1:49  Pylon  
  21  1:55  Probe (Chrono Boost)  
  22  2:06  Probe (Chrono Boost)  
  23  2:09  Warp Gate, Adept (Chrono Boost)  
  25  2:17  Probe  
  27  2:30  Probe (Chrono Boost)  
  27  2:32  Stargate  
  27  2:33  Probe (Chrono Boost)  
  28  2:37  Adept  
  28  2:41  Probe (Chrono Boost)  
  31  2:44  Probe (Chrono Boost)  
  32  2:52  Probe (Chrono Boost)  
  32  2:55  Probe (Chrono Boost)  
  32  2:56  Pylon  
  34  3:02  Probe (Chrono Boost)  
  34  3:04  Adept  
  38  3:05  Probe (Chrono Boost)  
  38  3:13  Probe (Chrono Boost)  
  38  3:16  Probe (Chrono Boost)  
  38  3:18  Oracle (Chrono Boost)  
  43  3:24  Probe (Chrono Boost)  
  44  3:27  Probe (Chrono Boost), Assimilator  
  45  3:35  Probe  
  45  3:37  Probe  
  47  3:47  Probe x2  
  48  3:49  Gateway  
  48  3:50  Gateway  
  48  3:54  Assimilator  
  49  3:56  Oracle (Chrono Boost)  
  49  3:58  Probe  
  53  4:03  Pylon  
  53  4:14  Nexus  
  53  4:16  Probe  
  54  4:20  Probe  
  55  4:28  Probe  
  56  4:33  Probe  
  54  4:38  Pylon  
  54  4:40  Probe  
  54  4:44  Probe  
  54  4:45  Pylon  
  56  4:47  Phoenix (Chrono Boost)  
  56  4:52  Probe  
  59  4:55  Probe  
  60  5:04  Probe  
  60  5:05  Probe  
  62  5:16  Adept  
  62  5:19  Phoenix (Chrono Boost)  
  62  5:20  Probe, Mothership Core  
  68  5:26  Probe, Adept x2  
  74  5:32  Probe  
  74  5:33  Pylon  
  72  5:44  Phoenix (Chrono Boost)  
  72  5:45  Probe  
  72  5:46  Probe x2  
  72  5:48  Adept  
  72  5:49  Adept x2  
  67  6:04  Probe x2  
  67  6:07  Phoenix (Chrono Boost)  
  72  6:11  Twilight Council  
  72  6:13  Robotics Facility  
  72  6:14  Probe  
  72  6:15  Mothership Core  
  72  6:17  Adept x3  
  80  6:20  Pylon  
  80  6:23  Pylon, Probe  
  80  6:25  Probe  
  81  6:29  Phoenix (Chrono Boost)  
  84  6:34  Probe, Blink (Chrono Boost)  
  84  6:35  Probe  
  84  6:36  Pylon  
  84  6:37  Probe, Forge  
  87  6:42  Assimilator  
  87  6:45  Assimilator, Stalker x3  
  94  6:53  Phoenix  
  94  6:54  Probe x2  
  93  6:55  Probe  
  93  6:58  Immortal (Chrono Boost)  
  98  7:07  Templar Archives  
  102  7:15  Probe x3  
  105  7:18  Adept x3  
  111  7:23  Protoss Ground Armor Level 1 (Chrono Boost)  
  111  7:35  Immortal  
  111  7:37  Pylon  
  115  7:46  Adept  
  115  7:47  Psionic Storm  
  117  7:56  Sentry  
  117  7:57  Sentry  
  121  8:01  Gateway  
  121  8:05  Gateway  
  121  8:07  Gateway  
  121  8:08  Adept, Gateway  
  121  8:09  Gateway x2  
  123  8:23  Nexus  
  123  8:24  High Templar  
  125  8:30  Pylon  
  125  8:32  Pylon x2  
  125  8:33  Pylon x2  
  125  8:35  Photon Cannon  
  125  8:40  Pylon  
  124  8:43  Immortal  
  128  8:50  High Templar x2  
  132  9:02  Nexus  
  132  9:04  Probe x3  
  132  9:06  Pylon  
  135  9:10  Pylon  
  135  9:12  Adept x6  
  147  9:18  Pylon  
  147  9:27  Observer  
  146  9:33  Probe x2  
  148  9:43  Immortal  
  148  9:45  Stargate, Fleet Beacon  
  152  9:53  Photon Cannon  
  152  9:55  Photon Cannon, High Templar x3  
  152  9:59  Photon Cannon x2  
  157  10:01  Probe x3  
  157  10:06  Protoss Ground Armor Level 2 (Chrono Boost)  
  158  10:07  Forge  
  158  10:13  Probe  
  159  10:22  Immortal  
  159  10:23  Stargate  
  159  10:25  Protoss Air Weapons Level 1  
  163  10:30  Probe  
  163  10:31  Probe  
  163  10:32  Probe x2  
  163  10:35  Assimilator x2, High Templar  
  168  10:36  High Templar  
  168  10:38  Pylon  
  168  10:39  Photon Cannon  
  168  10:41  Pylon  
  170  10:49  Tempest x2 (Chrono Boost)  
  178  10:52  Pylon  
  178  10:54  Stalker x6  
  190  11:03  Pylon  
  190  11:08  Tempest (Chrono Boost)  
  194  11:16  Protoss Ground Weapons Level 1  
  179  11:43  Tempest x2 (Chrono Boost)  
  149  11:58  Stalker x3  
  149  11:59  Stalker x4  
  149  12:00  Observer  
  152  12:19  Tempest (Chrono Boost)  
  156  12:27  Tempest (Chrono Boost)  
  156  12:28  Probe x3  
  163  12:34  Probe  
  164  12:40  Probe  
  165  12:50  High Templar x2  
  169  12:58  Nexus  
  169  12:59  Tempest (Chrono Boost)  
  169  13:01  Pylon  
  169  13:03  Pylon  
  177  13:06  Tempest (Chrono Boost)  
  177  13:21  High Templar  
  177  13:22  Photon Cannon  
  177  13:25  Photon Cannon  
  177  13:26  Gateway  
  179  13:27  Gateway  
  179  13:28  Photon Cannon  
  179  13:30  Gateway  
  179  13:31  Protoss Ground Weapons Level 2, Protoss Ground Armor Level 3  
  179  13:33  Gateway  
  179  13:39  Tempest (Chrono Boost)  
  183  13:51  Photon Cannon  
  183  13:54  Pylon  
  183  14:02  Pylon  
  195  14:03  Carrier x2 (Chrono Boost)  
  195  14:22  Carrier (Chrono Boost)  
  200  14:24  Graviton Catapult  
  200  14:35  Assimilator x2  
  198  15:00  Stargate, Nexus  
  198  15:02  Stargate  
  198  15:05  Pylon  
  189  15:35  Adept x2  
  189  15:36  Adept x3  
  173  16:04  High Templar x3  
  173  16:05  High Templar x2  
  173  16:06  High Templar  
  173  16:11  Adept x2  
  187  16:13  Archon x2  
  187  16:14  Archon  
  162  16:34  Stalker x7  
Show
View Real Time Build Order
Export as new Build Order

hatibe Terran 

Build Orders: MMM Bio 

Get SALT Encoding   

  12  0:01  SCV  
  13  0:13  SCV  
  14  0:18  Supply Depot  
  14  0:25  SCV  
  15  0:40  SCV, Barracks  
  16  0:52  SCV  
  17  1:04  SCV  
  18  1:16  SCV  
  19  1:19  Command Center  
  19  1:28  Marine  
  20  1:33  Orbital Command  
  20  1:40  Supply Depot  
  20  1:46  Marine  
  21  1:59  SCV, Refinery  
  22  2:02  Barracks  
  22  2:06  Marine  
  23  2:11  SCV  
  24  2:19  Barracks  
  24  2:23  SCV  
  24  2:28  Marine, Refinery  
  26  2:37  Orbital Command  
  26  2:40  SCV  
  27  2:46  Marine  
  27  2:49  Barracks Tech Lab  
  28  2:52  SCV  
  29  3:03  SCV  
  29  3:04  SCV  
  31  3:07  Barracks Tech Lab  
  31  3:08  Stimpack  
  31  3:12  Supply Depot  
  31  3:13  Marine  
  31  3:15  Marine  
  31  3:19  SCV  
  34  3:21  SCV  
  34  3:25  Combat Shields  
  34  3:31  SCV  
  34  3:33  SCV  
  36  3:34  Marine  
  36  3:35  Marine  
  38  3:44  SCV  
  39  3:51  SCV  
  39  3:55  Marine x2  
  40  3:56  SCV, Marine  
  44  4:03  SCV  
  44  4:06  Supply Depot  
  44  4:08  SCV  
  46  4:13  Engineering Bay, Marine x2  
  46  4:15  SCV, Marine  
  50  4:20  SCV  
  51  4:28  SCV  
  51  4:31  Marine x2  
  52  4:32  SCV  
  52  4:33  Marine  
  55  4:40  SCV, Factory  
  55  4:44  Terran Infantry Weapons Level 1  
  56  4:46  Missile Turret  
  56  4:47  Concussive Shells  
  56  4:49  Marine x2  
  58  4:54  Command Center  
  58  4:59  SCV x2  
  60  5:02  Refinery  
  60  5:03  Refinery  
  60  5:05  Supply Depot  
  60  5:06  Missile Turret  
  60  5:09  Marine x2  
  61  5:15  Marine  
  62  5:26  SCV  
  64  5:29  Factory Reactor  
  64  5:30  Starport  
  64  5:31  Barracks Reactor  
  64  5:33  SCV  
  64  5:35  Supply Depot  
  64  5:39  SCV  
  56  5:57  Marine x2  
  56  6:03  SCV x2  
  54  6:07  Orbital Command  
  54  6:08  Barracks  
  51  6:13  Supply Depot, Barracks  
  51  6:15  SCV  
  51  6:17  SCV  
  53  6:24  Orbital Command  
  53  6:27  SCV, Marine x2  
  53  6:29  SCV, Factory Reactor  
  57  6:38  Medivac x2  
  57  6:39  SCV, Marauder x2  
  66  6:41  Terran Infantry Armor Level 1  
  66  6:43  SCV  
  67  6:50  SCV  
  67  6:51  SCV  
  67  6:53  Marine  
  67  6:54  Marine  
  71  6:55  SCV  
  71  6:59  Barracks Tech Lab  
  72  7:01  Barracks Reactor  
  72  7:04  Supply Depot, Marauder x2  
  72  7:06  Widow Mine x2  
  72  7:08  Medivac x2  
  84  7:11  Marine x2  
  86  7:20  Marauder  
  86  7:22  SCV x2  
  90  7:23  SCV, Liberator  
  90  7:24  Liberator, Missile Turret  
  90  7:25  Marauder  
  90  7:27  Marauder  
  95  7:30  Marine x2  
  95  7:32  Supply Depot  
  95  7:36  Engineering Bay  
  97  7:37  SCV x2, Armory  
  97  7:38  Marine x2  
  97  7:41  Marine  
  108  7:54  Marauder  
  110  8:01  Marine x3  
  110  8:02  Widow Mine x2  
  117  8:08  Supply Depot  
  117  8:11  Marine x2  
  117  8:12  Supply Depot, Marauder, Liberator x2  
  121  8:13  Supply Depot  
  121  8:15  Supply Depot, Marauder  
  123  8:20  SCV x2  
  123  8:26  Refinery  
  125  8:27  Refinery  
  125  8:28  Terran Infantry Weapons Level 2  
  125  8:29  SCV, Marine  
  125  8:33  Widow Mine  
  125  8:34  SCV, Marine x3  
  133  8:35  Terran Infantry Armor Level 2  
  139  9:01  Marine x2  
  139  9:02  Marauder x2  
  143  9:08  Marine x2  
  143  9:09  Marauder  
  147  9:16  Liberator  
  147  9:17  Liberator  
  147  9:19  Marine x2  
  147  9:23  Marauder  
  146  9:32  Command Center  
  146  9:35  Widow Mine x2  
  146  9:37  Barracks  
  146  9:38  Marine, Barracks  
  157  9:39  Barracks, Starport  
  157  9:43  Marine  
  157  9:44  Marauder x2  
  162  9:46  Supply Depot  
  162  9:47  Supply Depot  
  162  9:57  Marine  
  162  9:59  Liberator x2  
  162  10:00  SCV x3  
  162  10:06  Marine x3  
  168  10:07  Marauder x2  
  168  10:09  Supply Depot  
  168  10:11  Terran Ship Weapons Level 1  
  172  10:20  Marine  
  179  10:26  Barracks Reactor  
  179  10:27  Barracks Tech Lab x2  
  179  10:29  Ghost Academy  
  179  10:34  Marine x2  
  179  10:35  Marine  
  182  10:36  Marauder x2  
  184  10:51  Marine x3  
  184  10:54  Terran Infantry Weapons Level 3, Terran Infantry Armor Level 3  
  184  10:56  Starport Reactor  
  187  11:14  Planetary Fortress  
  187  11:25  Liberator x2  
  186  11:35  Liberator  
  186  11:36  Liberator  
  186  11:39  Marine x2  
  172  11:42  Marine x2  
  172  11:43  Marauder  
  173  11:48  Marine x2  
  173  11:52  Marine x2  
  116  12:02  Marine x2  
  116  12:03  Marauder  
  119  12:17  Marine x5  
  119  12:18  Marauder x3  
  130  12:25  Marauder, Viking x2  
  136  12:30  Marine  
  136  12:31  Marine  
  136  12:32  Widow Mine x2  
  136  12:35  Marine x3, Viking x2  
  136  12:36  Marauder  
  147  12:37  Refinery  
  147  12:38  Refinery  
  147  12:42  Marine x3  
  150  12:47  Marine x2  
  150  12:55  Viking x2  
  154  13:02  Marauder x3, Marine  
  154  13:03  Marine x4  
  154  13:05  Marauder, Terran Ship Weapons Level 2  
  167  13:08  Viking x2  
  167  13:11  Marauder  
  173  13:19  Marine  
  174  13:20  Marine x2  
  174  13:23  Marauder  
  174  13:27  Marine, Viking x2  
  180  13:28  Marine x3  
  180  13:29  Marauder x2  
  180  13:32  Marauder  
  192  13:37  Marine  
  192  13:38  Marine  
  194  13:59  Viking x3  
  186  15:24  Marine x5  
  186  15:25  Marauder  
  186  15:26  Marauder x2  
  185  15:36  Marine x2  
  183  15:44  Viking x2  
  183  15:46  Marine x2  
  183  15:47  Marauder, Marine x2  
  183  15:48  Marauder  
  189  16:06  Medivac x2  
  189  16:14  Viking  
  169  16:26  Marine x4  
  169  16:27  Marine x2  
  169  16:28  Marauder  
  169  16:29  Marine x2  
  169  16:30  Marauder  
Tags
 
Add a new tag
Caveats
  • Supply blocks, unpowered buildings, or Contaminate may cause inaccurate times.
  • Supply counts are checked every 10 seconds.